cohdb
Replays
Latest Replays
All Replays
Popular Replays
Top Player Replays
Match Explorer
How It Works
Community
CoH3 Stats
Reddit
Sign in to upload your games and track your stats! →
Sign in with Steam
Match 45630995
Unlisted
Match 45630995
Overview
Messages
Build Orders
End
250 Light Carrier
Panzergrenadier Squad
Selects Italian Infantry
Panzergrenadier Squad
Construct Light Support Kompanie
2.5-tonne Medical Truck
Fire Support Elements
Pak 38 Mechanized Group
Flakvierling Half-track
Selects Guastatori Squad
Guastatori Squad
Selects Defensive Operations
Vehicle Survival Package
Construct Panzerarmee Kommand
Selects Prepared Positions
Walking Stuka Rocket Launcher
Selects Registered Artillery
Flak 36 Anti-tank Gun Team
Walking Stuka Rocket Launcher
Selects Propaganda War
Flakvierling Half-track
[SIN7] Quality Assurance
[SIN7] Retribution
[SIN7]Generalzero
Knight
Jimbo Rustles
potatoo
BAEK
Nolo
0
0
Comments
sign in to comment!
No comments posted yet!